 Dungeon Crawl Stone Soup version 0.28-b1-1-g3c77fb2ed1 (webtiles) character file.

Game seed: 10586272717914927415

1871 chmiii the Basher (level 9, 0/76 (82) HPs)
             Began as a Hill Orc Fighter on Jan 30, 2022.
             Slain by a wight (2 damage)
             ... on level 7 of the Dungeon.
             The game lasted 00:19:50 (6623 turns).

chmiii the Basher (Hill Orc Fighter)                Turns: 6623, Time: 00:19:50

HP:   0/76 (82)     AC: 11    Str: 28    XL:     9   Next: 13%
MP:   9/9           EV:  8    Int:  8    God:
Gold: 285           SH:  4    Dex: 12    Spells: 8/8 levels left

rFire   . . .      SeeInvis .   a - +8 whip of Vengeance {drain, Str+7}
rCold   . . .      Faith    .   c - +0 buckler
rNeg    . . .      Spirit   .   w - +0 chain mail
rPois   .          Reflect  .   r - +0 helmet
rElec   .          Harm     .   (no cloak)
rCorr   .          Rampage  .   (no gloves)
Will    .....                   n - +0 pair of boots
Stlth   ..........              (no amulet)
HPRegen 0.22/turn               (no ring)
MPRegen 0.11/turn               (no ring)

@: drained
A: no striking features
a: no special abilities


You were on level 7 of the Dungeon.
You visited 1 branch of the dungeon, and saw 7 of its levels.
You also visited: Sewer.

You collected 285 gold pieces.

Inventory:

Hand Weapons
 a - the +8 whip of Vengeance (weapon) {drain, Str+7}
   (You found it on level 2 of the Dungeon)

   A truly terrible weapon, it drains the life of any living foe it strikes.
   Str:       It affects your strength (+7).
 b - a +0 hunting sling
Missiles
 k - 23 poisoned darts (quivered)
 m - 28 sling bullets
 C - 2 curare-tipped darts
 F - a boomerang
Armour
 c - a +0 buckler (worn)
 h - the +2 leather armour "Zookad" {rC+ Int+3 Dex+5}
   (You found it on level 4 of the Dungeon)

   Int:       It affects your intelligence (+3).
   Dex:       It affects your dexterity (+5).
   rC:        It protects you from cold.
 n - a +0 pair of boots (worn)
 r - a +0 helmet (worn)
 w - a +0 chain mail (worn)
Jewellery
 u - a +6 ring of intelligence
Wands
 y - a wand of flame (16)
Scrolls
 f - 3 scrolls of teleportation {unknown}
 g - a scroll of brand weapon {unknown}
 i - 3 scrolls of noise {unknown}
 j - 3 scrolls of immolation {unknown}
 l - 2 scrolls of fear {unknown}
 o - 6 scrolls of identify {unknown}
 p - 2 scrolls of blinking {unknown}
 v - 2 scrolls of summoning {unknown}
Potions
 d - 2 potions of might
 e - 3 potions of curing {unknown}
 q - a potion of attraction {unknown}
 s - a potion of lignification {unknown}
 t - 3 potions of brilliance {unknown}
 x - 2 potions of degeneration {unknown}
 z - a potion of cancellation {unknown}
 A - a potion of heal wounds {unknown}
 B - 2 potions of flight {unknown}
 D - a potion of haste {unknown}
 E - a potion of invisibility {unknown}
 G - a potion of mutation {unknown}
 H - a potion of magic {unknown}


   Skills:
 + Level 8.8 Fighting
 - Level 4.9(8.9) Axes
 * Level 9.6(10.0) Maces & Flails
 - Level 3.2 Armour
 - Level 3.2 Shields


You had 8 spell levels left.
You didn't know any spells.
Your spell library contained the following spells:

 Spells                   Type           Power      Damage    Failure   Level
 Magic Dart               Conj           0%         1d3       97%         1
 Summon Small Mammal      Summ           0%         N/A       97%         1
 Call Imp                 Summ           0%         N/A       99%         2
 Sublimation of Blood     Necr           0%         N/A       99%         2
 Call Canine Familiar     Summ           0%         N/A       100%        3
 Conjure Flame            Conj/Fire      0%         6-21      100%        3
 Gell's Gravitas          Tloc           0%         N/A       100%        3
 Ignite Poison            Fire/Tmut/Pois 0%         N/A       100%        3
 Lesser Beckoning         Tloc           0%         N/A       100%        3
 Mephitic Cloud           Conj/Pois/Air  0%         N/A       100%        3
 Summon Guardian Golem    Hex/Summ       0%         N/A       100%        3
 Teleport Other           Tloc           0%         N/A       100%        3
 Petrify                  Tmut/Erth      0%         N/A       100%        4
 Sticky Flame             Conj/Fire      0%         2d3       100%        4
 Irradiate                Conj/Tmut      0%         3d13      100%        5


Dungeon Overview and Level Annotations

Branches:
Dungeon (7/15)             Temple (0/1) D:6           Sewer (visited)

Altars:
Gozag
Kikubaaqudgha
Makhleb
Xom

Annotations:
D:4 exclusion: downstairs
D:5 3 runed translucent doors, exclusion: downstairs, BeavisTheGrey's ghost, amateur DrTm


Message History

You feel drained.
* * * LOW HITPOINT WARNING * * *
The orc wizard points at you and mumbles some strange words.
You easily resist.
The orc warrior hits you with a +0 long sword.
* * * LOW HITPOINT WARNING * * *
The orc wizard hits you but does no damage.
The orc priest barely misses you. The orc hits you but does no damage.
Are you sure you want to abandon this character and quit the game? (Confirm with "yes".)
Okay, then.
The orc hits you with a +0 club.
* * * LOW HITPOINT WARNING * * *
The orc wizard casts a spell at you. The puff of flame hits you.
* * * LOW HITPOINT WARNING * * *
The orc priest barely misses you.
The orc priest looks braver for a moment.
The orc wizard casts a spell.
The orc wizard flickers and vanishes!
Deactivating autopickup; reactivate with Ctrl-A.
You block the orc warrior's attack.
You hit the orc. You drain the orc.
The orc is severely wounded.
The orc barely misses you.
You hit the orc.
The orc is almost dead.
The wight closely misses you. The orc warrior closely misses you.
The orc priest invokes the aid of Beogh against you.
Pain shoots through your body!
* * * LOW HITPOINT WARNING * * *
Something hits you.
* * * LOW HITPOINT WARNING * * *
The wight barely misses you. You block the orc warrior's attack.
The orc priest hits you but does no damage.
You whack the orc priest! You drain the orc priest.
You kill the orc priest!
The orc hits you but does no damage. Something hits you but does no damage.
The wight hits you from afar with a +3 trident.
You die...

#### ...########
...#.......
...#.......
...'.......
...#.################
.#####..............#
.#...#.........z@...#
.'...#........)oo...#
.#...#........z.....#
####'#.......##+#####
.....#.......#
.....#.......#
.....#.......+
.....#.......#
+##..#.......###


You could see an orc warrior, 2 wights and an orc (drained).

Vanquished Creatures
  A water moccasin (D:5)
  2 necrophages
  An orc warrior (D:5)
  A phantom (D:5)
  6 kobold brigands (Sewer)
  2 scorpions (D:6)
  4 wights (D:7)
  A howler monkey (D:6)
  A jelly (D:5)
  A crimson imp (D:5)
  A centaur zombie (D:6)
  A bullfrog skeleton (D:6)
  An orc priest (D:7)
  3 iguanas
  An orc wizard (D:5)
  A scorpion zombie (D:5)
  8 river rats
  19 adders
  3 gnolls (D:5)
  2 ufetubi
  5 worms
  3 dart slugs
  18 orcs
  12 ball pythons
  4 bats
  5 endoplasms
  A giant cockroach (D:1)
  3 goblins
  10 hobgoblins
  11 jackals
  3 quokkas
  2 frilled lizards
  11 kobolds
  8 rats
156 creatures vanquished.

Vanquished Creatures (others)
  A fungus (D:5)
  3 plants (D:5)
4 creatures vanquished.

Grand Total: 160 creatures vanquished

Notes
Turn   | Place    | Note
-------+----------+-------------------------------------------
     0 | D:1      | chmiii the Hill Orc Fighter began the quest for the Orb.
     0 | D:1      | Reached XP level 1. HP: 19/19 MP: 1/1
    94 | D:1      | Reached XP level 2. HP: 27/27 MP: 2/2
   378 | D:1      | Found a faded altar of an unknown god.
   550 | D:1      | Reached XP level 3. HP: 22/33 MP: 3/3
  1455 | D:2      | Reached XP level 4. HP: 41/41 MP: 4/4
  1940 | D:2      | Identified the +8 whip of Vengeance {drain, Str+7}
  2223 | D:3      | Reached skill level 1 in Maces & Flails
  2352 | D:3      | You fall into a shaft and drop 1 floor!
  2480 | D:4      | Reached skill level 2 in Maces & Flails
  2480 | D:4      | Reached XP level 5. HP: 47/47 MP: 5/5
  2661 | D:4      | Found an opulent altar of Gozag.
  2680 | D:4      | Reached skill level 5 in Fighting
  2694 | D:4      | Identified the +2 leather armour "Zookad" {rC+ Int+3 Dex+5}
  3128 | D:5      | Entered Level 5 of the Dungeon
  3136 | D:5      | Reached skill level 3 in Maces & Flails
  3185 | D:5      | Noticed an orc warrior
  3274 | D:5      | Reached XP level 6. HP: 56/56 MP: 6/6
  3297 | D:5      | Reached skill level 4 in Maces & Flails
  3536 | D:5      | Noticed a water moccasin
  3553 | D:5      | Killed a water moccasin
  3554 | D:5      | Reached skill level 5 in Maces & Flails
  3554 | D:5      | Reached XP level 7. HP: 19/63 MP: 7/7
  3933 | D:5      | Noticed BeavisTheGrey's ghost (amateur DrTm)
  3934 | D:5      | Found a runed translucent gate.
  3934 | D:5      | Found a runed translucent gate.
  3934 | D:5      | Found a runed translucent gate.
  3979 | D:5      | Found a burning altar of Makhleb.
  3986 | D:5      | Reached skill level 6 in Maces & Flails
  4168 | D:5      | Found a shimmering altar of Xom.
  4392 | D:6      | Noticed a five-headed hydra
  4443 | D:6      | HP: 3/64 [orc/boomerang (4)]
  4920 | D:6      | Reached XP level 8. HP: 73/73 MP: 8/8
  4935 | D:6      | Reached skill level 7 in Maces & Flails
  4951 | D:6      | Found a staircase to the Ecumenical Temple.
  5028 | D:6      | Found a glowing drain.
  5033 | Sewer    | Entered a sewer
  5226 | Sewer    | Reached skill level 8 in Maces & Flails
  5741 | Sewer    | Reached skill level 9 in Maces & Flails
  6277 | D:6      | Reached XP level 9. HP: 77/82 MP: 9/9
  6464 | D:7      | Found an ancient bone altar of Kikubaaqudgha.
  6622 | D:7      | HP: 2/76 [something (2)]
  6623 | D:7      | Slain by a wight

Illustrated notes

Levels and vault maps discovered:
D:1:      ncdulo_halloftheorcs, layout_rooms, shapermc_ecumenical_altar_gd
D:2:      layout_basic, minmay_misc_feat_four_crosses, minmay_misc_feat_tiny
D:3:      layout_loops_ring
D:4:      layout_basic, grunt_gozag_statues
D:5:      layout_gridville, grunt_temple_overflow_champion_of_chaos,
          gammafunk_ghost_nasty_kobolds
D:6:      layout_rooms, minmay_temple_entry_statues_pillars,
          serial_corexii_hall, corexii_hall_statues_l,
          chequers_hall_statues_wall_a, chequers_hall_statues_wall_a,
          lightli_sewer_entry_pipes, chequers_serial_rivers_room_a,
          kennysheep_small_spiral, minmay_circle_x
D:7:      layout_gridville, kiku_gazebo_pond_becter

Skill      XL: |  1  2  3  4  5  6  7  8 |
---------------+-------------------------+-----
Axes           | 3 4 |  4.9
Fighting       | 4 5 6 7 8 |  8.8
Maces & Flails | 2 3 5 6 9 |  9.6
Armour         | |  3.2
Shields        | |  3.2

Action                   |  1- 3 |  4- 6 |  7- 9 || total
-------------------------+-------+-------+-------++-------
Melee: War axe           |    83 |    17 |       ||   100
       Whip              |       |   129 |   250 ||   379
 Fire: Hunting sling     |     7 |       |       ||     7
Armor: Scale mail        |    50 |    15 |       ||    65
       Chain mail        |       |    42 |    91 ||   133
Dodge: Dodged            |    34 |    46 |    82 ||   162
Block: Buckler           |    23 |    20 |    42 ||    85
